 Dungeon Crawl Stone Soup version 0.29-a0-6-ga859fcf985 (webtiles) character file.

Game seed: 139326925279671833

395 Grim the Skirmisher (level 6, -3/68 HPs)
             Began as an Ogre Berserker on Jan 27, 2022.
             Was a Believer of Trog.
             Slain by Grinder (8 damage)
             ... on level 4 of the Dungeon.
             The game lasted 00:04:47 (4322 turns).

Grim the Skirmisher (Ogre Berserker)                Turns: 4322, Time: 00:04:48

Health: -3/68      AC:  4    Str: 22    XL:     6   Next: 82%
Magic:  15/15      EV: 10    Int: 10    God:    Trog [**....]
Gold:   119        SH:  0    Dex:  8    Spells: 5/5 levels left

rFire   . . .      SeeInvis .   i - +0 flail
rCold   . . .      Faith    .   (no shield)
rNeg    . . .      Spirit   .   b - +0 animal skin
rPois   .          Reflect  .   d - +1 hat
rElec   .          Harm     .   (no cloak)
rCorr   .          Rampage  .   (gloves unavailable)
Will    .....                   (boots unavailable)
Stlth   +.........              (no amulet)
HPRegen 0.21/turn               e - ring of magical power
MPRegen 0.14/turn               (no ring)

@: on berserk cooldown, slowed, very slow
A: large, unfitting armour, tough skin 1
a: Renounce Religion, Berserk, Trog's Hand


You were on level 4 of the Dungeon.
You worshipped Trog.
Trog was pleased with you.
You visited 1 branch of the dungeon, and saw 4 of its levels.

You collected 119 gold pieces.

Inventory:

Hand Weapons
 a - a +0 mace
 i - a +0 flail (weapon)
Missiles
 f - 89 stones (quivered)
 h - 2 throwing nets
 p - 7 poisoned darts
Armour
 b - a +0 animal skin (worn)
 d - a +1 hat (worn)
Jewellery
 e - a ring of magical power (left hand)
 q - a ring of protection from fire
Wands
 n - a wand of polymorph (6)
 o - a wand of charming (9)
Scrolls
 j - a scroll of fear {unknown}
 m - a scroll of amnesia {unknown}
 r - a scroll of blinking {unknown}
 s - a scroll of silence {unknown}
Potions
 c - 4 potions of curing {unknown}
 g - a potion of ambrosia {unknown}
 k - 3 potions of resistance {unknown}
 l - a potion of attraction {unknown}


   Skills:
 + Level 6.4 Fighting
 * Level 5.7 Maces & Flails
 - Level 2.6 Dodging


You had 5 spell levels left.
You didn't know any spells.
Your spell library was empty.

Dungeon Overview and Level Annotations

Branches:
Dungeon (4/15)
 Temple: D:4-7

Altars:
Kikubaaqudgha

Shops:
D:2 (

Annotations:
D:4 Grinder


Innate Abilities, Weirdness & Mutations

You are too large for most types of armour.
You have tough skin. (AC +1)


Message History

Grinder hits you.
You writhe in agony.
* * * LOW HITPOINT WARNING * * *
Grinder gestures at you.
You suddenly lose the ability to move!
Grinder rolls her eyes.
Grinder hits you.
* * * LOW HITPOINT WARNING * * *
You can move again.
You hit Grinder but do no damage.
Grinder is moderately wounded.
Grinder says, "DUCK!"
Grinder gestures at you. You resist with some effort.
Grinder closely misses you.
You closely miss Grinder.
Grinder is moderately wounded.
Grinder gestures at you. Pain shoots through your body!
* * * LOW HITPOINT WARNING * * *
Grinder hits you.
* * * LOW HITPOINT WARNING * * *
You writhe in agony.
* * * LOW HITPOINT WARNING * * *
You hit Grinder.
Grinder is heavily wounded.
Grinder gestures at you.
You struggle to resist.
Unknown command.
You closely miss Grinder.
Grinder is heavily wounded.
Grinder hits you!
* * * LOW HITPOINT WARNING * * *
You writhe in agony.
* * * LOW HITPOINT WARNING * * *
Grinder gestures at you. Pain shoots through your body!
* * * LOW HITPOINT WARNING * * *
You barely miss Grinder.
Grinder is heavily wounded.
Grinder hits you!
You die...

#.# #.#
###.###.########
.....).........#
###+##.######.#
#...........#.#
#...........#.#
##...........#.#
.......@.....#.#
.......5...).#.#
.$.........$.#.#
##...........#.#
#.....>.....#.#
#...........#.#
......#+######.#
#####. #<.# #..#


You could see Grinder.

Vanquished Creatures
  Sigmund (D:2)
  An orc priest (D:3)
  An orc wizard (D:3)
  Natasha (D:3)
  Robin (D:2)
  4 gnolls (D:2)
  2 adders (D:2)
  A worm (D:1)
  2 dart slugs
  2 orcs (D:3)
  6 ball pythons
  6 endoplasms
  2 giant cockroaches (D:3)
  11 goblins
  5 hobgoblins
  3 jackals (D:1)
  6 quokkas
  6 bats (D:1)
  2 frilled lizards (D:2)
  9 kobolds
  6 rats
78 creatures vanquished.

Vanquished Creatures (others)
  A fungus (D:1)
  5 plants (D:1)
6 creatures vanquished.

Grand Total: 84 creatures vanquished

Notes
Turn   | Place    | Note
-------+----------+-------------------------------------------
     0 | D:1      | Grim the Ogre Berserker began the quest for the Orb.
     0 | D:1      | Reached XP level 1. HP: 24/24 MP: 1/1
   141 | D:1      | Found a faded altar of an unknown god.
   351 | D:1      | Reached XP level 2. HP: 32/32 MP: 2/2
   853 | D:1      | Reached XP level 3. HP: 40/40 MP: 3/3
  1215 | D:2      | Reached XP level 4. HP: 24/49 MP: 4/4
  1558 | D:2      | Found Selomp's Weapon Shop.
  1566 | D:2      | Reached skill level 5 in Fighting
  2327 | D:2      | Reached ** piety under Trog
  2328 | D:2      | Reached XP level 5. HP: 50/57 MP: 5/5
  2442 | D:2      | Noticed Robin
  2453 | D:2      | Killed Robin
  2583 | D:2      | Noticed Sigmund
  2604 | D:2      | Killed Sigmund
  2605 | D:2      | Reached skill level 6 in Fighting
  2605 | D:2      | Reached skill level 5 in Maces & Flails
  2605 | D:2      | Reached XP level 6. HP: 44/67 MP: 6/6
  3129 | D:3      | Noticed Natasha
  3137 | D:3      | Killed Natasha
  3330 | D:3      | Found an ancient bone altar of Kikubaaqudgha.
  4305 | D:4      | Noticed Grinder
  4316 | D:4      | Paralysed by Grinder for 2 turns
  4322 | D:4      | Slain by Grinder

Illustrated notes

Levels and vault maps discovered:
D:1:      elethiomel_arrival_fortress_basement, layout_loops_ring,
          shapermc_ecumenical_altar_mp_ritualfount
D:2:      layout_basic, serial_shops, nicolae_shop_bloodbath_and_beyond,
          uniq_sigmund, uniq_robin
D:3:      layout_basic, mainiacjoe_overflow_concentric_impassable,
          patterned_corridor, uniq_natasha
D:4:      layout_basic, minmay_goblin_outpost, uniq_grinder, uniq_ijyb

Skill      XL: |  1  2  3  4  5 |
---------------+----------------+-----
Maces & Flails | 3 4 5 |  5.7
Fighting       | 5 6 |  6.4
Dodging        | |  2.6

Action                   |  1- 3 |  4- 6 || total
-------------------------+-------+-------++-------
Melee: Mace              |    80 |    31 ||   111
       Flail             |       |   122 ||   122
       Punch             |       |     2 ||     2
Throw: Dart              |       |     5 ||     5
       Stone             |       |     5 ||     5
Invok: Berserk           |     1 |     5 ||     6
Armor: Animal skin       |    28 |    82 ||   110
Dodge: Dodged            |    55 |   132 ||   187

Table legend: (Time is in decaauts)
 A = Elapsed time spent in this place.
 B = Non-inter-level travel time spent in this place.
 C = Inter-level travel time spent in this place.
 D = Time resting spent in this place.
 E = Time spent auto-exploring this place.
 F = Levels seen in this place.
 G = Mean time per level.
                   A        B        C        D        E       F      G
               +--------+--------+--------+--------+--------+-----+--------+
         Total |   4424 |   4306 |    118 |   1220 |   2470 |   4 | 1106.0 |
       Dungeon |   4424 |   4306 |    118 |   1220 |   2470 |   4 | 1106.0 |
               +--------+--------+--------+--------+--------+-----+--------+

Top non-repeatable levels by time:
     D:1: 1702 daAuts
     D:3: 1424 daAuts
     D:2: 1257 daAuts
     D:4: 40 daAuts
